 Dungeon Crawl Stone Soup version 0.17-a0-802-g1f09329 (webtiles) character file.

33709 kurshu the Bludgeoner (level 13, -2/116 HPs)
             Began as a Minotaur Fighter on Apr 23, 2015.
             Was a High Priest of Okawaru.
             Slain by an orc
             ... wielding a +0 flail
              (4 damage)
             ... on level 1 of the Orcish Mines on Apr 26, 2015.
             The game lasted 00:58:35 (20383 turns).

kurshu the Bludgeoner (Minotaur Fighter)           Turns: 20383, Time: 00:58:35

Health: -2/116     AC: 23    Str: 27    XL:     13   Next: 38%
Magic:  18/18      EV:  2    Int:  8    God:    Okawaru [*****.]
Gold:   655        SH:  0    Dex: 12    Spells: 0 memorised, 12 levels left

rFire  . . .     SeeInvis +     F - +2 whip (freeze)
rCold  . . .     Clarity  +     A - +1 plate armour
rNeg   . . .     SustAb   .     (no shield)
rPois  .         Gourm    .     (helmet restricted)
rElec  .         Spirit   .     Q - +1 cloak {MR+}
rCorr  .         Warding  .     K - +2 pair of gloves
rMut   .         Stasis   .     y - +0 pair of boots of Midnight {MR+ Str+6} (curse)
MR     +++..                    n - amulet of clarity
Stlth  ..........               D - ring of stealth
                                p - ring of see invisible

@: extremely resistant to hostile enchantments, extremely unstealthy
A: retaliatory headbutt, horns 2, magic resistance 1
a: Heroism, Finesse, Renounce Religion


You were on level 1 of the Orcish Mines.
You worshipped Okawaru.
Okawaru was extremely pleased with you.
You were not hungry.

You visited 4 branches of the dungeon, and saw 19 of its levels.

You collected 1342 gold pieces.
You spent 687 gold pieces at shops.

Inventory:

Hand weapons
 b - the +6 hunting sling "Yzuteu Onio" {speed, rElec}
   (Okawaru gifted it to you on level 1 of the Lair of Beasts)

   Attacks with this weapon are significantly faster.
   It insulates you from electricity.
 E - a +2 demon trident of flaming
 F - a +2 whip of freezing (weapon)
Missiles
 L - a javelin of penetration (quivered)
Armour
 y - the cursed +0 pair of boots of Midnight (worn) {MR+ Str+6}
   (You bought it in a shop on level 11 of the Dungeon)

   It affects your strength (+6).
   It affects your resistance to hostile enchantments.
   It has a curse placed upon it.
 A - a +1 plate armour (worn)
 K - a +2 pair of gloves (worn)
 Q - a +1 cloak of magic resistance (worn)
 V - the +1 cloak "Hipt" {rCorr MP+9}
   (Okawaru gifted it to you on level 3 of the Lair of Beasts)

   It affects your magic capacity (+9).
   It protects you from acid and corrosion.
Jewellery
 n - an amulet of clarity (around neck)
 p - a ring of see invisible (left hand)
 B - an uncursed ring of fire
 D - a ring of stealth (right hand)
 Y - an uncursed ring of fire
Magical devices
 a - a wand of disintegration (2)
 d - a wand of paralysis (2)
 f - a wand of confusion (28)
 v - a wand of hasting (4)
 C - a wand of digging (6)
 M - a wand of digging (13)
 N - a wand of magic darts (11)
 O - a wand of magic darts (27)
 P - a wand of teleportation (3)
 S - a wand of flame (23)
 T - a wand of slowing (7)
Scrolls
 c - 6 scrolls of magic mapping
 g - 5 scrolls of remove curse
 j - a scroll of brand weapon
 k - 4 scrolls of teleportation
 l - a scroll of amnesia
 m - a scroll of fear
 o - a scroll of vulnerability
 G - a scroll of identify
 R - a scroll of recharging
 W - a scroll of silence
Potions
 i - 3 potions of cancellation
 r - a potion of magic
 s - 7 potions of curing
 t - a potion of invisibility
 u - a potion of haste
 x - 2 potions of resistance
 z - a potion of cure mutation
 I - 5 potions of restore abilities
 J - a potion of brilliance
Books
 X - a book of Alchemy

   Spells                             Type                      Level
   a - Sublimation of Blood           Necromancy                   2
   b - Alistair's Intoxication        Transmutation/Poison         4
   c - Condensation Shield            Ice                          4
   d - Petrify                        Transmutation/Earth          4
   e - Ignite Poison                  Fire/Transmutation/Poison    3
   f - Irradiate                      Conjuration/Transmutation    5
Comestibles
 e - 4 bread rations
 h - 30 fruits
 q - 2 beef jerkies
 w - 6 meat rations
 H - a chunk of flesh


   Skills:
 - Level 11.0 Fighting
 + Level 18.5 Maces & Flails
 - Level 7.0 Slings
 - Level 11.0 Armour
   Level 3.6 Shields
 - Level 8.2 Invocations


You had 12 spell levels left.
You didn't know any spells.

Dungeon Overview and Level Annotations

Branches:
Dungeon (12/15)            Temple (1/1) D:6            Lair (5/8) D:11
 Shoals (0/5) Lair:4          Orc (1/4) D:10
  Snake: Lair:3-6    Spider: Lair:3-6

Altars:
Ashenzari
Cheibriados
Dithmenos
Elyvilon
Fedhas
Gozag
Kikubaaqudgha
Makhleb
Nemelex Xobeh
Okawaru
Qazlal
Ru
Sif Muna
Trog
Vehumet
Xom
Yredelemnul
Zin
The Shining One
Beogh

Shops:
D:8 }   D:11 [

Portals:
Trove: D:10 (give +4 demon trident)

Annotations:
D:10 exclusion: orange crystal statue


Innate Abilities, Weirdness & Mutations

You reflexively headbutt those who attack you in melee.
You have a pair of horns on your head.
You are resistant to hostile enchantments.


Message History

Something smites you!
* * * LOW HITPOINT WARNING * * *
The orc barely misses you.
You are too injured to fight recklessly!
Unknown command.
You are too injured to fight recklessly!
You are too injured to fight recklessly!
You barely miss the orc priest.
The orc priest is almost dead.
The ogre hits you with a giant spiked club!
* * * LOW HITPOINT WARNING * * *
The orc warrior hits you with a flail!
* * * LOW HITPOINT WARNING * * *
The orc closely misses you.
The orc priest mumbles some strange prayers to Beogh against you.
Something smites you!
* * * LOW HITPOINT WARNING * * *
The orc priest hits you but does no damage.
The orc hits you with a flail.
You die...

### ##.#..
....#.. ##.......
###........
##..o...$....
###.)@O)..##...
###...ooo)....#
#........).$##...
.........[o##
...........$o#
.###...........
#...........
###.#......
#..$....


You could see an orc warrior, an ogre, 3 orc priests and 2 orcs.

Vanquished Creatures
  Maud (D:10)
  4 hydras
  Harold (Lair:2)
  4 death yaks (Lair:4)
  Nergalle (Lair:3)
  3 hill giants
  Pikel (D:4)
  An ugly thing (D:10)
  A griffon (Lair:4)
  2 black mambas
  Joseph (D:8)
  A gargoyle (D:11)
  8 spiny frogs
  5 trolls
  2 komodo dragons
  A freezing wraith (D:12)
  A queen bee (Lair:3)
  Grinder (D:4)
  A snapping turtle (Lair:4)
  10 blink frogs
  A two-headed ogre (D:9)
  Sigmund (D:2)
  23 yaks
  A wyvern (D:11)
  A wraith (D:11)
  2 hungry ghosts
  2 basilisks
  Menkaure (D:4)
  6 hippogriffs
  3 wargs (D:11)
  5 porcupines
  2 necrophages
  Duvessa (D:4)
  2 water moccasins (Lair:1)
  4 orc warriors
  A phantom (D:8)
  A black bear (D:7)
  3 sky beasts
  4 slaves
  A wasp (D:11)
  2 ice beasts
  2 eyes of draining
  5 ogres
  A boring beetle (Lair:4)
  4 centaurs
  4 big kobolds
  6 crocodiles
  A gnoll sergeant (D:10)
  16 giant frogs
  A wyvern zombie (D:7)
  21 killer bees
  Dowan (D:4)
  6 scorpions
  5 electric eels
  7 crimson imps
  A wasp zombie (D:6)
  A centaur zombie (D:10)
  10 hounds
  2 centaur skeletons
  2 giant frog skeletons
  Crazy Yiuf (D:2)
  11 orc priests
  2 quasits
  4 jellies
  8 iguanas
  11 orc wizards
  21 sheep
  9 worker ants
  A human simulacrum (D:10)
  A hound zombie (D:7)
  3 worker ant zombies
  48 river rats
  29 gnolls
  10 adders
  2 shadow imps
  2 oozes
  2 adder skeletons
  A worm (D:2)
  4 giant geckos
  56 orcs
  2 ball pythons
  16 bats
  A bat skeleton (D:4)
  6 giant cockroaches
  41 goblins
  41 hobgoblins
  4 quokkas
  7 giant newts
  9 jackals
  19 kobolds
  A quokka zombie (D:7)
  16 rats
  12 ballistomycetes
  2 plants (Lair:3)
616 creatures vanquished.

Vanquished Creatures (others)
  2 killer bees (D:7)
  A worker ant (D:7)
  A human simulacrum (D:10)
  An orc (D:10)
  4 giant spores
  A rat (D:6)
10 creatures vanquished.

Grand Total: 626 creatures vanquished

Notes
Turn   | Place    | Note
--------------------------------------------------------------
     0 | D:1      | kurshu, the Minotaur Fighter, began the quest for the Orb.
     0 | D:1      | Reached XP level 1. HP: 19/19 MP: 0/0
   159 | D:1      | Reached XP level 2. HP: 26/26 MP: 1/1
   320 | D:1      | Reached skill level 4 in Maces & Flails
   558 | D:2      | Reached XP level 3. HP: 27/31 MP: 2/2
   770 | D:2      | Reached skill level 5 in Maces & Flails
   801 | D:2      | Noticed Sigmund
   810 | D:2      | Reached XP level 4. HP: 27/39 MP: 3/3
   815 | D:2      | Killed Sigmund
   815 | D:2      | Reached skill level 7 in Maces & Flails
   815 | D:2      | Reached XP level 5. HP: 12/45 MP: 4/4
   957 | D:2      | Noticed Crazy Yiuf
   973 | D:2      | Killed Crazy Yiuf
  1334 | D:2      | Reached XP level 6. HP: 51/51 MP: 5/5
  1841 | D:3      | Reached skill level 8 in Maces & Flails
  1900 | D:3      | Found a bloodstained altar of Trog.
  1900 | D:3      | Found an iron altar of Okawaru.
  1905 | D:3      | Became a worshipper of Warmaster Okawaru
  1963 | D:3      | Gained mutation: You are resistant to hostile enchantments. [potion of beneficial mutation]
  2412 | D:4      | Noticed Menkaure
  2566 | D:4      | Reached skill level 9 in Maces & Flails
  2928 | D:4      | Killed Menkaure
  2928 | D:4      | Reached XP level 7. HP: 53/57 MP: 6/6
  2951 | D:4      | Noticed Dowan
  2964 | D:4      | Killed Dowan
  2964 | D:4      | Acquired Okawaru's first power
  3007 | D:4      | Noticed Grinder
  3053 | D:3      | Reached skill level 10 in Maces & Flails
  3258 | D:4      | Killed Grinder
  3297 | D:4      | Found a burning altar of Makhleb.
  3299 | D:4      | Found a glowing silver altar of Zin.
  3299 | D:4      | Noticed an angel
  3300 | D:4      | Noticed a cacodemon
  3373 | D:4      | Found a sacrificial altar of Ru.
  3374 | D:4      | Found a white marble altar of Elyvilon.
  3374 | D:4      | Found a radiant altar of Vehumet.
  3379 | D:4      | Found a shimmering altar of Xom.
  3379 | D:4      | Found a glowing golden altar of the Shining One.
  3397 | D:4      | Noticed a hungry ghost
  3419 | D:4      | Killed a hungry ghost
  3419 | D:4      | Reached skill level 11 in Maces & Flails
  3419 | D:4      | Reached XP level 8. HP: 62/64 MP: 7/7
  3575 | D:4      | Noticed Duvessa
  3589 | D:4      | Killed Duvessa
  3951 | D:4      | Noticed Pikel
  4211 | D:4      | Killed Pikel
  4211 | D:4      | Reached skill level 13 in Maces & Flails
  4252 | D:5      | Entered Level 5 of the Dungeon
  4410 | D:5      | Reached XP level 9. HP: 70/70 MP: 8/8
  4864 | D:6      | Reached skill level 5 in Fighting
  5021 | D:6      | Received a gift from Okawaru
  6006 | D:6      | Found a staircase to the Ecumenical Temple.
  6016 | Temple   | Entered the Ecumenical Temple
  6336 | D:6      | Found a sparkling altar of Nemelex Xobeh.
  6880 | D:7      | Upgraded the game from 0.17-a0-764-gd40c196 to 0.17-a0-777-g32247ce
  7061 | D:7      | Reached skill level 10 in Fighting
  7110 | D:7      | Reached XP level 10. HP: 93/93 MP: 9/9
  7986 | D:7      | Reached skill level 5 in Armour
  8440 | D:8      | Found Yggaety's Quality Used Wands.
  8491 | D:8      | Found a shadowy altar of Dithmenos.
  8849 | D:8      | Noticed Joseph
  8869 | D:8      | Killed Joseph
  9757 | D:9      | Acquired Okawaru's second power
 10946 | D:10     | Entered Level 10 of the Dungeon
 10946 | D:10     | Noticed Maud
 10962 | D:10     | Killed Maud
 10962 | D:10     | Reached skill level 10 in Armour
 10962 | D:10     | Reached XP level 11. HP: 44/102 MP: 8/10
 11285 | D:10     | Found a portal to a secret trove of treasure.
 11370 | D:10     | Reached skill level 1 in Invocations
 11444 | D:10     | Found a staircase to the Orcish Mines.
 11515 | D:10     | Noticed a brown ugly thing
 11535 | D:10     | Killed a brown ugly thing
 11795 | D:10     | Found a roughly hewn altar of Beogh.
 12331 | D:10     | Upgraded the game from 0.17-a0-777-g32247ce to 0.17-a0-802-g1f09329
 12644 | D:11     | Found Ilash's Armour Boutique.
 12647 | D:11     | Noticed a hill giant
 12659 | D:11     | Killed a hill giant
 12659 | D:11     | Reached skill level 5 in Invocations
 12680 | D:11     | Found a staircase to the Lair.
 12906 | D:11     | Bought the cursed +0 pair of boots of Midnight {MR+ Str+6} for 480 gold pieces
 12906 | D:11     | Bought a +0 cloak of magic resistance for 207 gold pieces
 13556 | D:12     | Noticed a hill giant
 13563 | D:12     | Noticed a hill giant
 13573 | D:12     | Killed a hill giant
 13591 | D:12     | Killed a hill giant
 13641 | D:12     | Reached skill level 14 in Maces & Flails
 13655 | D:12     | Noticed a centaur warrior
 13656 | D:12     | Noticed a storm dragon
 13657 | D:12     | Noticed an ogre mage
 13657 | D:12     | Noticed a deep troll earth mage
 13943 | Lair:1   | Entered Level 1 of the Lair of Beasts
 14221 | D:11     | Received a gift from Okawaru
 14264 | Lair:1   | Reached XP level 12. HP: 67/110 MP: 17/17
 14335 | Lair:1   | Noticed a five-headed hydra
 14345 | Lair:1   | Killed a five-headed hydra
 14345 | Lair:1   | Reached skill level 15 in Maces & Flails
 14417 | Lair:1   | Found an iron altar of Okawaru.
 14513 | Lair:1   | Received a gift from Okawaru
 14538 | Lair:1   | Got a slimy hunting sling {god gift}
 14539 | Lair:1   | Identified the +6 hunting sling "Yzuteu Onio" {speed, rElec} (Okawaru gifted it to you on level 1 of the Lair of Beasts)
 15577 | Lair:2   | Reached skill level 16 in Maces & Flails
 15997 | Lair:2   | Noticed Harold
 16011 | Lair:2   | Killed Harold
 16362 | Lair:2   | Reached skill level 17 in Maces & Flails
 16757 | Lair:3   | Noticed Nergalle
 16769 | Lair:3   | Killed Nergalle
 16935 | Lair:3   | Received a gift from Okawaru
 16936 | Lair:3   | Got a slimy cloak {god gift}
 16980 | Lair:3   | Identified the +1 cloak "Hipt" {rCorr MP+9} (Okawaru gifted it to you on level 3 of the Lair of Beasts)
 17038 | Lair:3   | Reached skill level 5 in Slings
 17475 | Lair:3   | Noticed a six-headed hydra
 17491 | Lair:3   | Killed a six-headed hydra
 17965 | Lair:3   | Reached XP level 13. HP: 85/116 MP: 12/18
 18501 | Lair:4   | Found a staircase to the Shoals.
 18956 | Lair:4   | Reached skill level 18 in Maces & Flails
 20348 | Orc:1    | Entered Level 1 of the Orcish Mines
 20382 | Orc:1    | HP: 2/116 [orc priest/divine providence (13)]
 20383 | Orc:1    | Slain by an orc

Action                   |  1- 3 |  4- 6 |  7- 9 | 10-12 | 13-15 || total
-------------------------+-------+-------+-------+-------+-------++-------
Melee: Flail             |     9 |       |       |       |       ||     9
       Whip              |    79 |   187 |   638 |  1405 |   301 ||  2610
Throw: Javelin           |       |       |     7 |     1 |       ||     8
Invok: Heroism           |       |       |     2 |    18 |     4 ||    24
       Finesse           |       |       |       |     4 |     1 ||     5
Evoke: Wand              |       |       |     6 |     9 |       ||    15
  Use: Potion            |     1 |     5 |     3 |     2 |     4 ||    15
       Scroll            |       |     5 |    11 |    22 |     2 ||    40
 Stab: Paralysed         |       |       |       |     6 |       ||     6
  Eat: Chunk             |       |     6 |    13 |    34 |     4 ||    57
       Beef jerky        |       |       |     1 |     1 |       ||     2
       Pizza             |       |       |       |     1 |     2 ||     3
       Royal jelly       |       |       |       |       |     1 ||     1
